AoeStats
← Niqqle

Arabia

504912467Analyzed
1v1 RM · 25d ago on Sep 7, 2026· 34m 43s· 2 players
Game mode
Random Map
Map size
Tiny (2 player)
Population
200
Speed
Normal
Resources
Standard
Victory
Conquest
Starting age
Dark Age
Ending age
Imperial Age
RankedLock teamsTeams togetherTeam positionsShared explorationLock speedFull tech treeHidden civsTurbo modeCheats
Victory
Defeat
🇨🇳 Goths · China
807
+17
🇳🇴 Lithuanians · Norway
829
-29
精锐442
0:26 Loom
9:20 Feudal Age
13:57 Double-Bit Axe
22:38 Castle Age
20:45 Horse Collar
22:48 Bloodlines
26:24 Bow Saw
27:05 Scale Barding Armor
29:39 Forging
29:32 Scale Mail Armor
29:03 Pikeman
30:52 Squires
34:07 Iron Casting
33:48 Chain Mail Armor
35:25 Chain Barding Armor
Niqqle
8:43 Loom
11:11 Feudal Age
19:55 Double-Bit Axe
24:56 Castle Age
23:43 Bloodlines
25:17 Scale Barding Armor
25:42 Husbandry
26:05 Forging
27:23 Chain Barding Armor
29:51 Iron Casting
Connection lost

Rejoining the realm…

Still unreachable

The connection could not be restored.

Session expired

The server has moved on; the page needs a fresh start.